 Dungeon Crawl Stone Soup version 0.22-a0-858-g985ef60 (webtiles) character file.

61 jjfam the Skirmisher (level 4, -2/41 HPs)
             Began as a Hill Orc Fighter on July 27, 2018.
             Slain by Sigmund
             ... wielding a +0 scythe
              (10 damage)
             ... on level 2 of the Dungeon.
             The game lasted 00:02:18 (842 turns).

jjfam the Skirmisher (Hill Orc Fighter)              Turns: 842, Time: 00:02:19

Health: -2/41      AC:  8    Str: 19    XL:     4   Next: 7%
Magic:  4/4        EV:  7    Int:  8    God:
Gold:   39         SH:  9    Dex: 10    Spells: 3/3 levels left

rFire    . . .     SeeInvis .   a - +0 war axe
rCold    . . .     Gourm    .   c - +0 shield
rNeg     . . .     Faith    .   b - +0 scale mail
rPois    .         Spirit   .   i - +0 helmet
rElec    .         Reflect  .   (no cloak)
rCorr    .         Harm     .   (no gloves)
MR       .....                  (no boots)
Stlth    ..........             (no amulet)
HPRegen  0.13/turn              (no ring)
MPRegen  0.09/turn              (no ring)

@: no status effects
A: no striking features
a: no special abilities


You were on level 2 of the Dungeon.
You were not hungry.

You visited 1 branch of the dungeon, and saw 2 of its levels.

You collected 39 gold pieces.

Inventory:

Hand Weapons
 a - a +0 war axe (weapon)
Armour
 b - a +0 scale mail (worn)
 c - a +0 shield (worn)
 i - a +0 helmet (worn)
Jewellery
 g - an uncursed ring of protection from cold {unknown}
Scrolls
 e - a scroll of enchant armour {unknown}
 k - 2 scrolls of identify {unknown}
 l - a scroll of remove curse {unknown}
 n - a scroll of fog {unknown}
 o - a scroll of magic mapping {unknown}
 p - a scroll of blinking {unknown}
 q - a scroll of teleportation {unknown}
 r - a scroll of random uselessness {unknown}
Potions
 d - a potion of might
 h - a potion of lignification {unknown}
 m - a potion of agility {unknown}
Comestibles
 f - 2 rations
 j - 4 chunks of flesh


   Skills:
 * Level 4.5 Fighting
 + Level 3.4 Axes
 + Level 3.8 Armour
 + Level 3.8 Shields


You had 3 spell levels left.
You didn't know any spells.
Your spell library was empty.

Dungeon Overview and Level Annotations

Branches:
Dungeon (2/15)

Altars:

Annotations:
D:2 Sigmund


Message History

Some of the chunks of flesh in your inventory have rotted away.
Your shield and scale mail prevent you from hitting the worm.
Something hits you. You block the worm's attack.
You slash the worm!
The worm is heavily wounded.
Something hits you. The worm bites you.
* * * LOW HITPOINT WARNING * * *
You slash the worm!
The worm is almost dead.
Something hits you but does no damage. The worm barely misses you.
You hit the worm.
You kill the worm!
You block something's attack. Something hits you.
* * * LOW HITPOINT WARNING * * *
You see here a worm corpse.
You closely miss something. Something hits you but does no damage.
You barely miss something. You miss something. Something hits you!
You die...

...>... ############### .......#
#.............# .......#
#..)..........# .......#
#.............######### .......#
#................)...<#
.......####............<#########
........................#
........$.......).......#
.......w.......{@.......#
r..###...##.............# .
#...##.............#
#...#####+########## #...# #...#
#...# #...# #...#


There were no monsters in sight!

Vanquished Creatures
  Jessica (D:2)
  A worm (D:2)
  2 dart slugs (D:1)
  4 leopard geckos (D:1)
  4 goblins
  A hobgoblin (D:1)
  3 kobolds (D:1)
  A quokka (D:2)
  3 bats (D:1)
  4 frilled lizards (D:1)
  2 rats (D:1)
26 creatures vanquished.

Notes
Turn   | Place    | Note
-------+----------+-------------------------------------------
     0 | D:1      | jjfam the Hill Orc Fighter began the quest for the Orb.
     0 | D:1      | Reached XP level 1. HP: 19/19 MP: 1/1
   163 | D:1      | Reached XP level 2. HP: 27/27 MP: 2/2
   341 | D:1      | Reached skill level 4 in Fighting
   541 | D:1      | Reached XP level 3. HP: 29/33 MP: 3/3
   778 | D:2      | Noticed Jessica
   786 | D:2      | Killed Jessica
   808 | D:2      | Noticed Sigmund
   834 | D:2      | Reached XP level 4. HP: 19/41 MP: 4/4
   842 | D:2      | Slain by Sigmund

Vault maps used:
D:1:      minmay_arrival_four_loops
D:2:      uniq_jessica, uniq_sigmund, uniq_crazy_yiuf_cottage

Skill      XL: |  1  2 |
---------------+-------+-----
Fighting       | 4 |  4.5
Axes           | 3 |  3.4
Armour         | |  3.8
Shields        | |  3.8

Action                   |  1- 3 |  4- 6 || total
-------------------------+-------+-------++-------
Melee: War axe           |    98 |     7 ||   105
Armor: Scale mail        |    56 |     2 ||    58
Dodge: Dodged            |    43 |     1 ||    44
Block: Shield            |    66 |     3 ||    69

Table legend:
 A = Spawn XP
 B = Non-spawn XP
 C = Spawn XP percentage of total XP
 D = Spawn monster count
 E = Non-spawn monster count
 F = Spawn count percentage of total count
 G = Total turns spent on level
                    A         B        C        D         E        F      G
               +---------+---------+-------+---------+---------+-------+---------
         Total |       0 |      88 |   0.0 |       0 |      26 |   0.0 |   842
               +---------+---------+-------+---------+---------+-------+---------
           D:1 |       0 |      42 |   0.0 |       0 |      22 |   0.0 |   778
           D:2 |       0 |      46 |   0.0 |       0 |       4 |   0.0 |    64
               +---------+---------+-------+---------+---------+-------+---------
